 Dungeon Crawl Stone Soup version 0.17-a0-2147-gfb20a63 (webtiles) character file.

63 septik the Skirmisher (level 4, -3/73 HPs)
             Began as an Ogre Berserker on Oct 25, 2015.
             Was a Believer of Trog.
             Killed by divine providence
             ... invoked by an orc priest
              (14 damage)
             ... on level 3 of the Dungeon.
             The game lasted 00:08:18 (1859 turns).

septik the Skirmisher (Ogre Berserker)              Turns: 1859, Time: 00:08:18

Health: -3/73      AC:  3    Str: 28    XL:     4   Next: 9%
Magic:  4/4        EV: 10    Int:  6    God:    Trog [**....]
Gold:   97         SH:  0    Dex:  9    Spells: 0 memorised, 3 levels left

rFire  . . .     SeeInvis .     s - +0 whip
rCold  . . .     Clarity  .     b - +0 animal skin
rNeg   . . .     SustAt   .     (no shield)
rPois  .         Gourm    .     (helmet restricted)
rElec  .         Spirit   .     (no cloak)
rCorr  .         Warding  .     (gloves unavailable)
rMut   .         Stasis   .     (boots unavailable)
MR     .....                    (no amulet)
Stlth  ..........               (no ring)
                                (no ring)

@: berserking, lethally poisoned (-3 -> -4), very quick, not resistant to
hostile enchantments, extremely unstealthy
A: unfitting armour, tough skin 1
a: Berserk, Trog's Hand, Burn Spellbooks, Renounce Religion


You were on level 3 of the Dungeon.
You worshipped Trog.
Trog was pleased with you.
You were hungry.

You visited 1 branch of the dungeon, and saw 3 of its levels.

You collected 97 gold pieces.

Inventory:

Hand Weapons
 a - a +0 mace
 s - a +0 whip (weapon)
Missiles
 g - 139 stones (quivered)
Armour
 b - a +0 animal skin (worn)
 e - a +0 ring mail
 n - a +0 robe
Jewellery
 l - an uncursed ring of positive energy {unknown}
 t - an uncursed ring of magical power {unknown}
Scrolls
 f - a scroll of remove curse {unknown}
 h - a scroll of teleportation {unknown}
 k - a scroll of identify {unknown}
 m - 2 scrolls of amnesia {unknown}
 o - 2 scrolls of recharging {unknown}
 p - a scroll of noise {unknown}
Potions
 d - 3 potions of curing {unknown}
 j - a potion of heal wounds {unknown}
 q - a potion of brilliance {unknown}
Comestibles
 c - 2 bread rations
 i - 4 chunks of flesh
 r - a meat ration


   Skills:
 - Level 4.7 Fighting
 + Level 4.7 Maces & Flails
 - Level 3.6 Dodging


You had 3 spell levels left.
You didn't know any spells.

Dungeon Overview and Level Annotations

Branches:
Dungeon (3/15)

Altars:
Nemelex Xobeh
Trog


Innate Abilities, Weirdness & Mutations

You are too large for most types of armour.
You have tough skin (AC +1).


Message History

The orc priest looks braver for a moment.
You whack the orc!
You kill the orc!
Trog accepts your kill. The adder barely misses you.
You closely miss the orc. The adder bites you.
* * * LOW HITPOINT WARNING * * *
The orc priest mumbles some strange prayers to Beogh against you.
You barely resist.
An orc comes into view.
You closely miss the orc.
The orc shouts!
You hear a shout!
The orc hits you.
* * * LOW HITPOINT WARNING * * *
You barely miss the orc.
You are feeling hungry.
The adder closely misses you.
The orc priest invokes the aid of Beogh against you.
Something smites you!
You die...

.... .## ...... ...
#.#... ..#
#.#...###########.#
#.#................
##.#.##.#......###.#
+.......+......'[...
##o#?##.#......###.#
#oo@.......##+## #.#
#...S#.....#.##.####.#
#.#+######...##.......
.. .........#######.#
# .######..# #.# #..#
#.# #..# #.# #..# #.#
...# #.#


You could see an orc priest, an adder and 2 orcs.

Vanquished Creatures
  An adder (D:2)
  3 giant geckos
  2 orcs
  2 ball pythons
  8 bats
  3 giant cockroaches
  4 goblins
  9 hobgoblins
  2 jackals (D:1)
  2 quokkas (D:2)
  4 giant newts
  2 kobolds (D:1)
  4 rats
46 creatures vanquished.

Notes
Turn   | Place    | Note
--------------------------------------------------------------
     0 | D:1      | septik the Ogre Berserker began the quest for the Orb.
     0 | D:1      | Reached XP level 1. HP: 24/24 MP: 1/1
   139 | D:1      | Reached XP level 2. HP: 8/33 MP: 2/2
   789 | D:1      | Reached XP level 3. HP: 40/40 MP: 3/3
  1002 | D:2      | Reached ** piety under Trog
  1028 | D:2      | Found a sparkling altar of Nemelex Xobeh.
  1262 | D:2      | Found a bloodstained altar of Trog.
  1725 | D:3      | Reached XP level 4. HP: 36/49 MP: 4/4
  1859 | D:3      | Killed from afar by an orc priest

Vault maps used:
D:1:      lemuel_arrival_hallway
D:2:      lemuel_coloured_pillars_altar, old_standard_altar, st_stairs_9,
          kennysheep_boxes
D:3:      uniq_jessica

Action                   |  1- 3 |  4- 6 || total
-------------------------+-------+-------++-------
Melee: Mace              |    98 |       ||    98
       Whip              |    44 |    28 ||    72
Invok: Berserk           |       |     1 ||     1
 Stab: Sleeping          |     1 |       ||     1
  Eat: Chunk             |     3 |       ||     3
